 Dungeon Crawl Stone Soup version 0.29-a0-338-g1ff7896281 (webtiles) character file.

Game seed: 9190227476004840416

1422 Jortsu the Cudgeller (level 8, 0/78 HPs)
             Began as a Troll Fighter on Apr 19, 2022.
             Was an Initiate of Yredelemnul.
             Slain by Prince Ribbit (8 damage)
             ... on level 6 of the Dungeon.
             The game lasted 00:09:41 (3961 turns).

Jortsu the Cudgeller (Troll Fighter)                Turns: 3961, Time: 00:09:42

Health: 0/78       AC:  5    Str: 27    XL:     8   Next: 44%
Magic:  8/8        EV:  9    Int:  4    God:    Yredelemnul [......]
Gold:   217        SH:  7    Dex:  9    Spells: 9/9 levels left

rFire   . . .      SeeInvis .   e - +2 whip (drain)
rCold   . . .      Faith    .   c - +0 kite shield
rNeg    . . .      Spirit   .   b - +1 robe
rPois   .          Reflect  .   (helmet restricted)
rElec   .          Harm     .   (no cloak)
rCorr   .          Rampage  .   (gloves unavailable)
Will    .....                   (boots unavailable)
Stlth   +.........              g - amulet of the acrobat
HPRegen 1.03/turn               (no ring)
MPRegen 0.11/turn               (no ring)

@: lethally poisoned (0 -> -1), on berserk cooldown, slowed, very slow
A: large, unfitting armour, claws 3, regeneration 1, shaggy fur 1, tough skin 1
a: Renounce Religion, Recall Undead Harvest


You were on level 6 of the Dungeon.
You worshipped Yredelemnul.
Yredelemnul was noncommittal.
You visited 1 branch of the dungeon, and saw 6 of its levels.
You also visited: Ossuary.

You collected 217 gold pieces.

Inventory:

Hand Weapons
 a - a +0 flail
 e - a +2 whip of draining (weapon)
Armour
 b - a +1 robe (worn)
 c - a +0 kite shield (worn)
Jewellery
 g - an amulet of the acrobat (around neck)
Scrolls
 h - a scroll of fog {unknown}
 i - a scroll of magic mapping
 l - 7 scrolls of teleportation
Potions
 d - 3 potions of flight
 f - a potion of heal wounds {unknown}
 j - 6 potions of curing
 p - a potion of resistance {unknown}


   Skills:
 + Level 3.8 Fighting
 + Level 1.7(2.1) Short Blades
 + Level 1.7(2.1) Long Blades
 + Level 1.7(4.0) Axes
 + Level 5.8(6.2) Maces & Flails
 + Level 1.7(2.4) Polearms
 + Level 1.7(4.0) Staves
 + Level 1.3(1.7) Slings
 + Level 1.3 Bows
 + Level 1.3 Crossbows
 + Level 1.9(2.3) Throwing
 + Level 1.7 Armour
 + Level 4.3 Dodging
 + Level 1.2 Stealth
 + Level 4.0 Shields
 + Level 2.1 Unarmed Combat
 + Level 1.2 Spellcasting
 + Level 1.5 Conjurations
 + Level 1.3 Hexes
 + Level 2.0 Summonings
 + Level 1.7 Necromancy
 + Level 1.5 Translocations
 + Level 1.5 Transmutations
 + Level 1.8 Fire Magic
 + Level 1.5 Ice Magic
 + Level 1.3 Air Magic
 + Level 2.0 Earth Magic
 + Level 1.8 Poison Magic
 + Level 1.9 Invocations
 + Level 1.5 Evocations


You had 9 spell levels left.
You didn't know any spells.
Your spell library was empty.

Dungeon Overview and Level Annotations

Branches:
Dungeon (6/15)            Ossuary (visited)
 Temple: D:4-7

Altars:
Yredelemnul

Shops:
D:4 :

Annotations:
D:5 Eustachio
D:6 Prince Ribbit


Innate Abilities, Weirdness & Mutations

You are too large for most types of armour.
You have claws for hands.
Your natural rate of healing is unusually fast.
You are covered in fur. (AC +1)
You have tough skin. (AC +1)


Message History

You whack Prince Ribbit!
Prince Ribbit is moderately wounded.
Prince Ribbit hops awkwardly around.
Prince Ribbit completely misses you.
You closely miss Prince Ribbit.
Prince Ribbit is moderately wounded.
You block Prince Ribbit's attack.
You closely miss Prince Ribbit.
Prince Ribbit is moderately wounded.
Prince Ribbit hits you.
* * * LOW HITPOINT WARNING * * *
The scorpion stings you!
* * * LOW HITPOINT WARNING * * *
You are poisoned.
The scorpion poisons you!
You miss Prince Ribbit.
Prince Ribbit is moderately wounded.
You feel sick.
Prince Ribbit blinks!
You feel sick. The scorpion barely misses you.
You whack the scorpion!
The scorpion is severely wounded.
You feel sick. The scorpion stings you.
* * * LOW HITPOINT WARNING * * *
You barely miss the scorpion.
The scorpion is heavily wounded.
You feel sick. The scorpion closely misses you.
You hit the scorpion.
The scorpion is severely wounded.
You block Prince Ribbit's attack.
You barely miss the scorpion.
The scorpion is severely wounded.
You feel sick. The scorpion barely misses you. Prince Ribbit hits you!
* * * LOW HITPOINT WARNING * * *
You hit the scorpion.
You kill the scorpion!
You are no longer berserk.
You are exhausted.
You feel yourself slow down.
You feel sick. Prince Ribbit hits you!
You die...
Your body rises from the dead as a mindless zombie.

#####
#+#...#+#
###.......###
#...$.......#
##.)...@...##
+.....F...+
##.......##
#.......#
####+####


You could see Prince Ribbit.

Vanquished Creatures
  A hornet zombie (Ossuary)
  A phantom (D:4)
  A wyvern zombie (Ossuary)
  A bullfrog (D:4)
  2 scorpions
  2 water moccasin zombies (Ossuary)
  3 bullfrog zombies (Ossuary)
  2 centaur zombies (Ossuary)
  An orc priest (D:4)
  A hound (D:4)
  2 orc wizards (D:4)
  A killer bee zombie (Ossuary)
  18 mummies (Ossuary)
  4 howler monkey zombies (Ossuary)
  6 adders
  An ufetubus (D:4)
  2 worms (D:2)
  3 dart slugs
  5 orcs
  7 endoplasms
  3 giant cockroaches
  4 hobgoblins
  4 kobolds
  2 quokkas
  7 ball pythons
  3 bats (D:1)
  7 frilled lizards
  3 goblins
  6 rats
103 creatures vanquished.

Vanquished Creatures (collateral kills)
  2 ball pythons (D:4)
  2 bats (D:2)
  A giant cockroach (D:3)
  2 frilled lizards (D:3)
7 creatures vanquished.

Vanquished Creatures (others)
  2 bat zombies (D:2)
  2 ball python zombies
  3 withered plants (Ossuary)
7 creatures vanquished.

Grand Total: 117 creatures vanquished

Notes
Turn   | Place    | Note
-------+----------+-------------------------------------------
     0 | D:1      | Jortsu the Troll Fighter began the quest for the Orb.
     0 | D:1      | Reached XP level 1. HP: 22/22 MP: 0/0
   162 | D:1      | Reached XP level 2. HP: 29/29 MP: 1/1
   408 | D:1      | Reached skill level 2 in Maces & Flails
   771 | D:2      | Found a faded altar of an unknown god.
   786 | D:2      | Prayed at the altar of an unknown god.
   786 | D:2      | Became a worshipper of Yredelemnul the Dark
   786 | D:2      | Reached * piety under Yredelemnul
   896 | D:2      | Reached XP level 3. HP: 36/36 MP: 2/2
   994 | D:2      | Reached ** piety under Yredelemnul
  1885 | D:3      | Reached XP level 4. HP: 44/44 MP: 3/3
  2324 | D:3      | Reached skill level 1 in Short Blades
  2324 | D:3      | Reached skill level 1 in Long Blades
  2324 | D:3      | Reached skill level 1 in Axes
  2324 | D:3      | Reached skill level 3 in Maces & Flails
  2324 | D:3      | Reached skill level 1 in Polearms
  2324 | D:3      | Reached skill level 1 in Staves
  2324 | D:3      | Reached skill level 1 in Slings
  2324 | D:3      | Reached skill level 1 in Bows
  2324 | D:3      | Reached skill level 1 in Crossbows
  2324 | D:3      | Reached skill level 1 in Throwing
  2324 | D:3      | Reached skill level 1 in Armour
  2324 | D:3      | Reached skill level 1 in Unarmed Combat
  2324 | D:3      | Reached skill level 1 in Conjurations
  2324 | D:3      | Reached skill level 1 in Hexes
  2324 | D:3      | Reached skill level 1 in Summonings
  2324 | D:3      | Reached skill level 1 in Necromancy
  2324 | D:3      | Reached skill level 1 in Translocations
  2324 | D:3      | Reached skill level 1 in Transmutations
  2324 | D:3      | Reached skill level 1 in Fire Magic
  2324 | D:3      | Reached skill level 1 in Ice Magic
  2324 | D:3      | Reached skill level 1 in Air Magic
  2324 | D:3      | Reached skill level 1 in Earth Magic
  2324 | D:3      | Reached skill level 1 in Poison Magic
  2324 | D:3      | Reached skill level 1 in Invocations
  2324 | D:3      | Reached skill level 1 in Evocations
  2324 | D:3      | Reached XP level 5. HP: 53/53 MP: 3/5
  2325 | D:3      | Reached skill level 4 in Maces & Flails
  2325 | D:3      | Reached skill level 1 in Stealth
  2325 | D:3      | Reached skill level 1 in Spellcasting
  2325 | D:3      | Reached XP level 6. HP: 61/61 MP: 3/6
  2517 | D:4      | Found a sand-covered staircase.
  2521 | Ossuary  | Entered an ossuary
  2648 | Ossuary  | Reached XP level 7. HP: 22/67 MP: 7/7
  2836 | Ossuary  | Reached skill level 5 in Maces & Flails
  3010 | Ossuary  | Reached XP level 8. HP: 8/78 MP: 8/8
  3427 | D:4      | Found Nakhuorale's Book Boutique.
  3918 | D:5      | Entered Level 5 of the Dungeon
  3934 | D:5      | Noticed Eustachio
  3935 | D:5      | Noticed Prince Ribbit
  3961 | D:6      | Slain by Prince Ribbit

Illustrated notes

Levels and vault maps discovered:
D:1:      psy_arrival_whirlpool, layout_basic
D:2:      layout_basic, serial_corexii_hall, chequers_hall_statues_corner_a,
          chequers_hall_statues_wall_a, basic_ecumenical_altar
D:3:      layout_basic
D:4:      layout_basic, lightli_ossuary_entry_decrepit_ruins, serial_shops,
          nicolae_shop_window_shopping, nrook_uturn
D:5:      layout_basic, mainiacjoe_overflow_24_doors,
          nicolae_shop_overcharged_wands, uniq_prince_ribbit1, uniq_duvessa,
          uniq_eustachio, uniq_pikel
D:6:      nicolae_cairo_tiling_very_big, layout_basic

Skill      XL: |  1  2  3  4  5  6  7  8 |
---------------+-------------------------+-----
Maces & Flails | 2 3 4 5 |  5.8
Fighting       | 3 |  3.8
Short Blades   | 1 |  1.7
Long Blades    | 1 |  1.7
Axes           | 1 |  1.7
Polearms       | 1 |  1.7
Staves         | 1 |  1.7
Slings         | 1 |  1.3
Bows           | 1 |  1.3
Crossbows      | 1 |  1.3
Throwing       | 1 |  1.9
Armour         | 1 |  1.7
Dodging        | 3 4 |  4.3
Shields        | 3 4 |  4.0
Unarmed Combat | 1 2 |  2.1
Conjurations   | 1 |  1.5
Hexes          | 1 |  1.3
Summonings     | 1 2 |  2.0
Necromancy     | 1 |  1.7
Translocations | 1 |  1.5
Transmutations | 1 |  1.5
Fire Magic     | 1 |  1.8
Ice Magic      | 1 |  1.5
Air Magic      | 1 |  1.3
Earth Magic    | 1 2 |  2.0
Poison Magic   | 1 |  1.8
Invocations    | 1 |  1.9
Evocations     | 1 |  1.5
Stealth        | 1 |  1.2
Spellcasting   | 1 |  1.2

Action                   |  1- 3 |  4- 6 |  7- 9 || total
-------------------------+-------+-------+-------++-------
Melee: Flail             |    13 |       |    31 ||    44
       Whip              |   106 |   120 |   252 ||   478
  Use: Scroll            |     5 |     4 |     4 ||    13
       Potion            |       |     4 |     2 ||     6
 Stab: Distracted        |       |       |     1 ||     1
       Sleeping          |       |       |     2 ||     2
Armor: Robe              |    41 |    20 |    56 ||   117
Dodge: Dodged            |    71 |    33 |    88 ||   192
Block: Kite shield       |    55 |    22 |    88 ||   165

Table legend: (Time is in decaauts)
 A = Elapsed time spent in this place.
 B = Non-inter-level travel time spent in this place.
 C = Inter-level travel time spent in this place.
 D = Time resting spent in this place.
 E = Time spent auto-exploring this place.
 F = Levels seen in this place.
 G = Mean time per level.
                   A        B        C        D        E       F      G
               +--------+--------+--------+--------+--------+-----+--------+
         Total |   4022 |   3961 |     61 |    373 |   2241 |   7 |  574.6 |
       Dungeon |   3122 |   3061 |     61 |     63 |   2204 |   6 |  520.3 |
       Ossuary |    899 |    899 |      0 |    310 |     36 |   1 |  899.0 |
               +--------+--------+--------+--------+--------+-----+--------+

Top non-repeatable levels by time:
     D:3: 919 daAuts
 Ossuary: 899 daAuts
     D:1: 732 daAuts
     D:2: 726 daAuts
     D:4: 705 daAuts
     D:5: 29 daAuts
     D:6: 8 daAuts
